 Dungeon Crawl Stone Soup version 0.26-a0-1132-ge9770dfcb6 (webtiles) character file.

Game seed: 9877888904492473756

10153 stormannn the Spear-Bearer (level 11, -4/97 HPs)
             Began as a Minotaur Abyssal Knight on Dec 19, 2020.
             Was a Priest of Lugonu.
             Slain by a minotaur (16 damage)
             ... in a Gauntlet.
             The game lasted 00:26:22 (11022 turns).

stormannn the Spear-Bearer (MiAK)                  Turns: 11022, Time: 00:26:23

Health: -4/97      AC: 11    Str: 21    XL:     11   Next: 32%
Magic:  11/15      EV: 13    Int:  9    God:    Lugonu [***...]
Gold:   593        SH: 12    Dex:  9    Spells: 10/10 levels left

rFire    + . .     SeeInvis .   a - +7 spear
rCold    x . .     Faith    +   z - +1 kite shield {AC+3}
rNeg     . . .     Spirit   .   K - +0 ring mail of the Kraken {Harm Will+}
rPois    .         Reflect  .   (helmet restricted)
rElec    .         Harm     +   l - scarf {harm}
rCorr    .         Rampage  .   I - +0 pair of gloves
Will     +....     NoTele   +   (no boots)
Stlth    ..........             H - amulet of faith
HPRegen  0.26/turn              f - +4 ring of evasion
MPRegen  0.14/turn              j - ring of fire

@: no status effects
A: retaliatory headbutt, horns 2
a: Renounce Religion, Depart the Abyss, Bend Space, Banish


You were in a Gauntlet.
You worshipped Lugonu.
Lugonu was most pleased with you.
You visited 1 branch of the dungeon, and saw 11 of its levels.
You visited the Abyss 1 time.
You also visited: Gauntlet.

You collected 708 gold pieces.
You spent 115 gold pieces at shops.

Inventory:

Hand Weapons
 a - a +7 spear (weapon)
Missiles
 F - 2 throwing nets
Armour
 e - a +1 hat
 l - a scarf of harm (worn)
 z - a +1 kite shield of protection (worn)
 I - a +0 pair of gloves (worn)
 K - the +0 ring mail of the Kraken (worn) {Harm Will+}
   (You found it on level 8 of the Dungeon)

   It affects your willpower, your defense against some magical effects.
   It increases damage dealt and taken.
Jewellery
 f - a +4 ring of evasion (left hand)
 j - a ring of fire (right hand)
 H - an amulet of faith (around neck)
 L - an uncursed amulet of guardian spirit
Wands
 b - a wand of flame (7)
 q - a wand of acid (5)
 x - a wand of enslavement (11)
 y - a wand of digging (6)
Scrolls
 c - 4 scrolls of amnesia
 d - 2 scrolls of enchant armour
 h - 2 scrolls of immolation
 i - 7 scrolls of remove curse
 o - 3 scrolls of teleportation
 r - 3 scrolls of magic mapping
 w - 4 scrolls of identify
Potions
 g - a potion of curing
 k - a potion of lignification {unknown}
 m - a potion of mutation {unknown}
 n - 2 potions of attraction
 p - 2 potions of cancellation {unknown}
 s - a potion of ambrosia {unknown}
 A - a potion of flight {unknown}
 D - 2 potions of brilliance
 M - a potion of heal wounds
 N - a potion of berserk rage


   Skills:
 + Level 9.5 Fighting
 * Level 12.5 Polearms
 + Level 9.2 Armour
 - Level 1.1 Dodging
 + Level 8.0 Shields
 + Level 7.7 Invocations


You had 10 spell levels left.
You didn't know any spells.
Your spell library contained the following spells:

 Spells                   Type           Power        Failure   Level
 Animate Skeleton         Necr           0%           83%         1
 Apportation              Tloc           0%           83%         1
 Corona                   Hex            0%           83%         1
 Summon Small Mammal      Summ           0%           83%         1


Dungeon Overview and Level Annotations

Branches:
Dungeon (11/15)            Temple (0/1) D:6            Lair (0/6) D:9
Gauntlet (1/1)
    Orc: D:9-12

Altars:
Ashenzari
Fedhas
Hepliaklqana
Kikubaaqudgha
Makhleb
Nemelex Xobeh
Okawaru
Qazlal
Ru
Trog
Vehumet
Xom

Shops:
D:4 [   D:7 =

Portals:
Abyss: D:4
Trove: D:11 (give 4 scrolls of fog)

Annotations:
D:4 2 transporters, sokol815's ghost, amateur OpIE Gauntlet 8 transporters


Innate Abilities, Weirdness & Mutations

You reflexively headbutt those who attack you in melee.
You have a pair of horns on your head.


Message History

There is an open door here.
You puncture the minotaur! Your headbutt misses the minotaur.
The minotaur is lightly wounded.
You block the minotaur's attack. The minotaur gores you!!
You block the minotaur's attack. The minotaur closely misses you.
There is an open door here.
Press: ? - help, Shift-Dir - straight line, f - minotaur
Aim: a minotaur, wearing the +0 shadow dragon scales of Henkosma {Str-4 Slay+5 Stlth++++} and quivering 17 javelins (lightly wounded, berserk, chance to affect: 22%)
The minotaur resists with almost no effort.
The minotaur hits you!!!
Ouch! That really hurt!
* * * LOW HITPOINT WARNING * * *
The minotaur gores you!!
* * * LOW HITPOINT WARNING * * *
You feel much better. The minotaur hits you!
* * * LOW HITPOINT WARNING * * *
The minotaur gores you.
* * * LOW HITPOINT WARNING * * *
The minotaur hits you!
You die...

#≈8§#..#.#.
#######...#..#©.#
#....##.8.#..#5#.
#.##.##...#..#5..
#.##....8.#..#5.. ##
###.##.##...#..#3.. #≈≈
#.#....##...#..####
#≈≈.#.#(##.##.©.#≈.....
#≈∩..H@.##......#∩.....
#≈≈.#.#.##.##.©.#≈.....
#≈≈ #.#....##...#..####
## ###.##.##...#..#G..
#.##....8.#..#§≈§ #.#
.##...#..#u.≈ #..
#.8.#..#?≈§ ##
#...#..#©§§ #≈8≈#..#...


You could see a minotaur (berserk).

Vanquished Creatures
  A green death (Gauntlet)
  Erolcha (D:11)
  Harold (D:7)
  A glowing orange brain (Gauntlet)
  Joseph (D:7)
  A centaur skeleton (D:10)
  An orange demon (Gauntlet)
  2 trolls
  A hornet (D:11)
  9 yaks
  2 wyverns
  A basilisk (D:9)
  A water moccasin (D:9)
  A sky beast (D:10)
  A phantom (D:5)
  2 orc warriors
  3 ice beasts
  2 black bears
  4 ogres
  2 centaurs
  Blork the orc (D:6)
  3 bullfrogs
  A wyvern zombie (D:9)
  3 scorpions
  9 wights
  A howler monkey (D:7)
  A bullfrog zombie (D:6)
  A centaur zombie (D:10)
  An orc priest (D:11)
  3 bullfrog skeletons
  4 hounds
  Crazy Yiuf (D:6)
  2 jellies
  An iguana (D:6)
  6 orc wizards
  6 worker ants
  3 hound skeletons
  7 adders
  A shadow imp (D:10)
  2 white imps
  2 ufetubi
  An ooze (D:2)
  An adder skeleton (D:5)
  4 dart slugs
  2 leopard geckos
  22 orcs
  2 ball pythons
  A giant cockroach (D:3)
  5 goblins
  7 jackals
  11 kobolds
  4 quokkas
  4 bats
  2 frilled lizards (D:1)
  A jackal skeleton (D:5)
  7 rats
171 creatures vanquished.

Vanquished Creatures (others)
  11 demonic plants (Gauntlet)
11 creatures vanquished.

Grand Total: 182 creatures vanquished

Notes
Turn   | Place    | Note
-------+----------+-------------------------------------------
     0 | Abyss:1  | stormannn the Minotaur Abyssal Knight began the quest for
                  | the Orb.
     0 | Abyss:1  | Reached XP level 1. HP: 19/19 MP: 1/1
     0 | D:1      | Escaped the Abyss
    58 | D:1      | Reached * piety under Lugonu
   197 | D:1      | Reached XP level 2. HP: 26/27 MP: 2/2
   317 | D:1      | Reached skill level 3 in Polearms
   684 | D:2      | Found a burning altar of Makhleb.
   736 | D:2      | Reached XP level 3. HP: 24/33 MP: 3/3
  1003 | D:2      | You fall into a shaft and drop 2 floors!
  1006 | D:4      | Found Puil's Armour Emporium.
  1221 | D:3      | Noticed an ogre
  1236 | D:3      | Reached ** piety under Lugonu
  1254 | D:3      | Killed an ogre
  1255 | D:3      | Reached skill level 4 in Polearms
  1255 | D:3      | Reached XP level 4. HP: 37/41 MP: 3/5
  1255 | D:3      | Reached XP level 5. HP: 42/47 MP: 3/6
  2421 | D:4      | Found a sparkling altar of Nemelex Xobeh.
  2503 | D:4      | Reached skill level 5 in Polearms
  2530 | D:4      | Noticed a centaur
  2540 | D:4      | Killed a centaur
  2541 | D:4      | Reached XP level 6. HP: 25/55 MP: 7/7
  2750 | D:4      | Found a blossoming altar of Fedhas.
  2832 | D:4      | Reached skill level 5 in Fighting
  2912 | D:4      | Found a transporter.
  2921 | D:4      | Noticed a small abomination
  2922 | D:4      | Found a one-way gate to the infinite horrors of the Abyss.
  2922 | D:4      | Noticed sokol815's ghost (amateur OpIE)
  2982 | D:4      | Found a transporter.
  3079 | D:4      | Found a bloodstained altar of Trog.
  3126 | D:4      | Bought a +0 kite shield of protection for 115 gold pieces
  3151 | D:5      | Entered Level 5 of the Dungeon
  3285 | D:5      | Reached skill level 6 in Polearms
  3285 | D:5      | Reached skill level 1 in Shields
  3317 | D:5      | Reached XP level 7. HP: 45/61 MP: 8/8
  3827 | D:6      | Found a staircase to the Ecumenical Temple.
  4141 | D:6      | Reached *** piety under Lugonu
  4170 | D:6      | Reached skill level 5 in Armour
  4445 | D:6      | Reached skill level 7 in Polearms
  4496 | D:6      | Noticed Blork the orc
  4515 | D:6      | Reached XP level 8. HP: 45/70 MP: 10/10
  4516 | D:6      | Killed Blork the orc
  4887 | D:6      | Found a runed translucent door.
  4888 | D:6      | Noticed Crazy Yiuf
  4894 | D:6      | Killed Crazy Yiuf
  5094 | D:7      | Found a hazy altar of Hepliaklqana.
  5243 | D:7      | Found a shimmering altar of Xom.
  5318 | D:7      | Noticed Harold
  5341 | D:7      | Killed Harold
  5342 | D:7      | Reached skill level 8 in Polearms
  5342 | D:7      | Reached skill level 5 in Invocations
  5342 | D:7      | Reached XP level 9. HP: 11/78 MP: 4/11
  5645 | D:7      | Found a sparkling altar of Nemelex Xobeh.
  5646 | D:7      | Noticed Joseph
  5682 | D:7      | Killed Joseph
  5683 | D:7      | Reached skill level 9 in Polearms
  6074 | D:7      | Found a radiant altar of Vehumet.
  6143 | D:7      | Found Ahaig's Jewellery Shop.
  6518 | D:8      | Reached skill level 5 in Shields
  6824 | D:8      | Noticed a cyclops
  7080 | D:8      | Found a sacrificial altar of Ru.
  7112 | D:8      | Found a stormy altar of Qazlal.
  7249 | D:8      | Noticed an efreet
  7252 | D:8      | Banished an efreet
  7421 | D:8      | Banished a cyclops
  7422 | D:8      | Reached skill level 10 in Polearms
  7923 | D:8      | Got a fine ring mail
  7937 | D:8      | Identified the +0 ring mail of the Kraken {Harm Will+} (You
                  | found it on level 8 of the Dungeon)
  8027 | D:9      | Found a staircase to the Lair.
  8040 | D:9      | Reached XP level 10. HP: 75/88 MP: 13/13
  8225 | D:9      | Found a broken altar of Ashenzari.
  8578 | D:9      | Found an iron altar of Okawaru.
  8584 | D:9      | Found an ancient bone altar of Kikubaaqudgha.
  8721 | D:10     | Entered Level 10 of the Dungeon
  8812 | D:10     | Reached skill level 11 in Polearms
  9274 | D:10     | Reached **** piety under Lugonu
 10020 | D:11     | Found a portal to a secret trove of treasure.
 10087 | D:11     | Found a gate leading to a gauntlet.
 10087 | D:11     | Noticed Erolcha
 10120 | D:11     | Killed Erolcha
 10121 | D:11     | Reached skill level 12 in Polearms
 10121 | D:11     | Reached XP level 11. HP: 57/97 MP: 3/15
 10336 | Gauntlet | Entered a Gauntlet
 10336 | Gauntlet | Found a transporter.
 10336 | Gauntlet | Found a transporter.
 10338 | Gauntlet | Noticed a green death
 10339 | Gauntlet | Found a transporter.
 10340 | Gauntlet | Found a transporter.
 10345 | Gauntlet | Noticed a glowing orange brain
 10346 | Gauntlet | Noticed a purple ugly thing
 10347 | Gauntlet | Noticed a glowing orange brain
 10347 | Gauntlet | Noticed a cyan ugly thing
 10350 | Gauntlet | Found a transporter.
 10356 | Gauntlet | Found a transporter.
 10377 | Gauntlet | Found a transporter.
 10377 | Gauntlet | Noticed a soul eater
 10381 | Gauntlet | Found a transporter.
 10442 | Gauntlet | Found a transporter.
 10452 | Gauntlet | Found a transporter.
 10468 | Gauntlet | Found a transporter.
 10480 | Gauntlet | Found a transporter.
 10520 | Gauntlet | Noticed a fire crab
 10562 | Gauntlet | Killed a green death
 10906 | Gauntlet | Banished a purple ugly thing
 10915 | Gauntlet | Killed a glowing orange brain
 11016 | Gauntlet | Identified the +0 shadow dragon scales of Henkosma {Str-4
                  | Slay+5 Stlth++++}
 11016 | Gauntlet | Noticed a minotaur
 11021 | Gauntlet | HP: 2/97 [minotaur (21)]
 11022 | Gauntlet | Slain by a minotaur

Illustrated notes

Levels and vault maps discovered:
D:1:      minmay_arrival_stair_chambers, layout_loops_ring
D:2:      layout_basic, lemuel_tele_altar
D:3:      layout_basic, serial_park_tiny_2
D:4:      layout_rooms, lightli_temple_of_fire, old_standard_altar,
          serial_shops, shop, gammafunk_ghost_abyssal_escape,
          minmay_misc_feat_plants, nemelex_spade_bored_becter
D:5:      layout_loops_ring
D:6:      layout_basic, minmay_temple_entry_mist, uniq_crazy_yiuf_cottage,
          uniq_blork_the_orc
D:7:      layout_basic, nemelex_xobeh_ov_fountains_minmay, lemuel_doored_altar,
          nicolae_overflow_crystal_walls, serial_shops, nicolae_shop_crystal,
          basic_altar, uniq_harold, uniq_joseph
D:8:      minmay_bloctagon_deflated, layout_basic,
          nicolae_qazlal_eye_of_the_storm, serial_rivers,
          chequers_serial_rivers_micro_c, chequers_serial_rivers_small_b,
          chequers_serial_rivers_room_b, chequers_serial_rivers_micro_c,
          chequers_serial_rivers_micro_a, chequers_serial_rivers_small_3,
          nicolae_ru_sacrificial_ziggurat
D:9:      layout_cave_pools, evilmike_ruin_ashenzari,
          gammafunk_temple_overflow_statue, david_lair_generic
D:10:     layout_irregular_city
D:11:     layout_roguey, gauntlet_entry_generic, enter_trove_2, uniq_erolcha,
          uniq_josephine
Gauntlet: gammafunk_gauntlet_shortcut [gammafunk_gauntlet_arena_arrow_garden,
          nicolae_gauntlet_arena_flowing_pool, gammafunk_gauntlet_arena_split_x,
          nicolae_gauntlet_arena_quarters, nicolae_gauntlet_arena_blocks,
          nicolae_gauntlet_arena_t_cross, gauntlet_exit_watery]

Skill      XL: |  1  2  3  4  5  6  7  8  9 10 11 |
---------------+----------------------------------+-----
Invocations    | 2 3 4 5 6 7 |  7.7
Polearms       | 3 4 5 6 7 8 10 12 | 12.5
Fighting       | 4 5 6 8 9 |  9.5
Armour         | 3 4 5 6 7 8 9 |  9.2
Shields        | 1 2 4 6 7 8 |  8.0
Dodging        | |  1.1

Action                   |  1- 3 |  4- 6 |  7- 9 | 10-12 || total
-------------------------+-------+-------+-------+-------++-------
Melee: Spear             |   107 |   138 |   294 |   260 ||   799
       Headbutt          |     8 |    14 |    49 |    55 ||   126
Invok: Depart the Abyss  |     1 |       |       |       ||     1
       Banish            |       |       |     4 |     5 ||     9
Evoke: Wand              |       |       |     1 |       ||     1
  Use: Potion            |       |       |     3 |     5 ||     8
       Scroll            |       |       |     3 |    18 ||    21
Armor: Leather armour    |    11 |       |       |       ||    11
       Ring mail         |     4 |    25 |    36 |    25 ||    90
Dodge: Dodged            |    54 |    53 |    76 |    58 ||   241
Block: Kite shield       |       |    12 |    71 |    73 ||   156

Table legend: (Time is in decaauts)
 A = Elapsed time spent in this place.
 B = Non-inter-level travel time spent in this place.
 C = Inter-level travel time spent in this place.
 D = Time resting spent in this place.
 E = Time spent auto-exploring this place.
 F = Levels seen in this place.
 G = Mean time per level.
                   A        B        C        D        E       F      G
               +--------+--------+--------+--------+--------+-----+--------+
         Total |  10839 |  10338 |    501 |   2603 |   6246 |  13 |  833.8 |
       Dungeon |  10163 |   9662 |    501 |   2202 |   6069 |  11 |  923.9 |
         Abyss |      0 |      0 |      0 |      0 |      0 |   1 |    0.0 |
      Gauntlet |    675 |    675 |      0 |    401 |    177 |   1 |  675.0 |
               +--------+--------+--------+--------+--------+-----+--------+

Top non-repeatable levels by time:
     D:7: 1693 daAuts
     D:8: 1256 daAuts
     D:6: 1172 daAuts
    D:10: 1150 daAuts
     D:4: 935 daAuts
     D:2: 802 daAuts
     D:9: 750 daAuts
     D:3: 722 daAuts
Gauntlet: 675 daAuts
     D:1: 671 daAuts
     D:5: 632 daAuts
    D:11: 375 daAuts
